 Dungeon Crawl Stone Soup version 0.25-a0-670-g50981ef59b (webtiles) character file.

Game seed: 8273014199825662421, levelgen mode: deterministic

2895 Laiders72 the Cleaver (level 9, -13/74 HPs)
             Began as a Deep Dwarf Fighter on Mar 29, 2020.
             Was a Follower of Makhleb.
             Mangled by an orc warrior
             ... wielding a +0 glaive
              (15 damage)
             ... on level 7 of the Dungeon.
             The game lasted 00:21:05 (6015 turns).

Laiders72 the Cleaver (Deep Dwarf Fighter)          Turns: 6015, Time: 00:21:06

Health: -13/74     AC: 13    Str: 22    XL:     9   Next: 49%
Magic:  5/5        EV:  7    Int: 10    God:    Makhleb [*.....]
Gold:   497        SH:  9    Dex: 12    Spells: 8/8 levels left

rFire    + . .     SeeInvis .   a - +0 war axe
rCold    + . .     Gourm    .   c - +0 kite shield
rNeg     + . .     Faith    +   I - +1 scale mail {rF+}
rPois    .         Spirit   .   (no helmet)
rElec    .         Reflect  .   G - +0 cloak
rCorr    .         Harm     .   C - +2 pair of gloves
MR       +....                  r - +0 pair of boots
Stlth    ..........             o - amulet of faith
HPRegen  0.00/turn              p - ring of protection from cold
MPRegen  0.09/turn              y - ring of positive energy

@: non-regenerating
A: damage resistance, heal wounds, sense surroundings 2, no regeneration
a: Heal Wounds, Renounce Religion


You were on level 7 of the Dungeon.
You worshipped Makhleb.
Makhleb was aware of your devotion.
You were near starving.

You visited 2 branches of the dungeon, and saw 9 of its levels.

You collected 497 gold pieces.

Inventory:

Hand Weapons
 a - a +0 war axe (weapon)
 H - a +1 flail
Armour
 c - a +0 kite shield (worn)
 r - a +0 pair of boots (worn)
 A - a +1 plate armour
 C - a +2 pair of gloves (worn)
 G - a +0 cloak (worn)
 I - a +1 scale mail of fire resistance (worn)
Jewellery
 o - an amulet of faith (around neck)
 p - a ring of protection from cold (left hand)
 y - a ring of positive energy (right hand)
Wands
 x - a wand of flame (25)
 F - a wand of iceblast (12)
 J - a wand of scattershot (8)
Scrolls
 e - 5 scrolls of enchant armour
 g - 2 scrolls of immolation {unknown}
 i - 6 scrolls of amnesia
 j - 7 scrolls of remove curse
 m - 3 scrolls of magic mapping
 s - 3 scrolls of teleportation {unknown}
 t - 6 scrolls of identify
 D - 3 scrolls of fog {unknown}
Potions
 b - a potion of invisibility {unknown}
 d - a potion of might
 h - 2 potions of degeneration {unknown}
 k - a potion of mutation {unknown}
 l - 2 potions of flight
 n - a potion of resistance {unknown}
 q - 2 potions of curing
 u - a potion of ambrosia {unknown}
 v - a potion of brilliance {unknown}
 w - a potion of lignification {unknown}
 K - a potion of stabbing {unknown}
 L - a potion of cancellation {unknown}
Comestibles
 f - 14 rations


   Skills:
 - Level 2.6 Fighting
 + Level 13.9 Axes
 - Level 3.2 Armour
 - Level 3.2 Shields


You had 8 spell levels left.
You didn't know any spells.
Your spell library contained the following spells:

 Spells                   Type           Power        Failure   Level  Hunger
 Beastly Appendage        Tmut           #.....       99%         1    ##.....
 Sticks to Snakes         Tmut           #.......     100%        2    ###....
 Spider Form              Tmut/Pois      #.........   100%        3    ####...
 Ice Form                 Ice/Tmut       #.......     100%        4    #####..
 Blade Hands              Tmut           #.........   100%        5    ######.
 Bolt of Magma            Conj/Fire/Erth #.........   100%        5    ######.
 Iskenderun's Battlesphe  Conj/Chrm      #.......     100%        5    ######.
 Iron Shot                Conj/Erth      #.........   100%        6    #######
 Orb of Destruction       Conj           #.........   100%        7    #######
 Spellforged Servitor     Conj/Summ      #.........   100%        7    #######


Dungeon Overview and Level Annotations

Branches:
Dungeon (8/15)             Temple (1/1) D:7            Lair (0/6) D:8

Altars:
Elyvilon
Hepliaklqana
Kikubaaqudgha
Makhleb
Nemelex Xobeh
Okawaru
Ru
Sif Muna
Vehumet
Wu Jian
Xom
The Shining One


Innate Abilities, Weirdness & Mutations

You are resistant to damage.
You can heal yourself by infusing magical energy.
You passively map the area around you.
You do not regenerate.


Message History

The orc warrior hits you with a +0 glaive!
* * * LOW HITPOINT WARNING * * *
You closely miss the orc warrior.
The orc warrior is almost dead.
You hit the orc warrior but do no damage.
The orc warrior is almost dead.
You block the orc warrior's attack.
You barely miss the orc warrior.
The orc warrior is almost dead.
The orc warrior closely misses you.
Your shield and scale mail prevent you from hitting the orc warrior.
The orc warrior is almost dead.
You closely miss the orc warrior.
The orc warrior is almost dead.
The orc warrior hits you with a +0 glaive!
* * * LOW HITPOINT WARNING * * *
You closely miss the orc warrior.
The orc warrior is almost dead.
The orc warrior hits you with a +0 glaive!!
You die...

#........## #....# ###.....##
##....## ####### ##.<....#
##.......# ##......... ########
#.......... ##......##
#......:... ###### #.....)..##
##......... #....## #....o@..<##
#......... ......# #.....)....#
##........ ......# #..........##
#........ ......#
#...........###.)......
......#####...........##.#.......
......##............(...###......
).....#(.(.............## #######
...(((.(#...............#
...(....#...............#


You could see an orc warrior.

Vanquished Creatures
  The ghost of p0werm0de the Chopper, an amateur DDFi of Makhleb (D:6)
  Prince Ribbit (D:5)
  An orc warrior (D:6)
  An ice beast (D:6)
  3 phantoms
  2 ogres
  3 centaurs
  2 big kobolds (D:7)
  4 bullfrogs
  3 killer bees (D:7)
  4 wights (D:6)
  3 crimson imps
  4 orc priests
  A jelly (D:6)
  3 hounds
  Crazy Yiuf (D:6)
  Jessica (D:2)
  A centaur skeleton (D:6)
  2 iguanas (D:4)
  4 orc wizards
  A worker ant (D:4)
  3 hound zombies
  A hound skeleton (D:4)
  A worker ant zombie (D:6)
  A howler monkey skeleton (D:7)
  6 adders
  3 gnolls (D:4)
  A shadow imp (D:6)
  4 oozes
  3 adder skeletons
  3 worms
  A dart slug (D:1)
  5 leopard geckos
  18 orcs
  3 giant cockroaches
  14 goblins
  4 hobgoblins (D:1)
  14 jackals
  11 kobolds
  3 quokkas
  A ball python (D:2)
  7 bats
  3 frilled lizards
  2 leopard gecko skeletons
  A quokka skeleton (D:7)
  A quokka zombie (D:7)
  7 rats
167 creatures vanquished.

Notes
Turn   | Place    | Note
-------+----------+-------------------------------------------
     0 | D:1      | Laiders72 the Deep Dwarf Fighter began the quest for the
                  | Orb.
     0 | D:1      | Reached XP level 1. HP: 20/20 MP: 1/1
   325 | D:1      | Reached skill level 3 in Axes
   325 | D:1      | Reached XP level 2. HP: 24/27 MP: 0/2
   669 | D:1      | Reached XP level 3. HP: 15/33 MP: 3/3
   732 | D:1      | Reached skill level 4 in Axes
  1366 | D:2      | Reached XP level 4. HP: 26/40 MP: 4/4
  1706 | D:2      | Noticed Jessica
  1715 | D:2      | Killed Jessica
  1715 | D:2      | Reached skill level 5 in Axes
  2665 | D:4      | Reached XP level 5. HP: 38/46 MP: 4/4
  2758 | D:4      | Reached skill level 6 in Axes
  2787 | D:4      | Noticed an ogre
  2801 | D:4      | Killed an ogre
  2801 | D:4      | Reached skill level 7 in Axes
  2801 | D:4      | Reached XP level 6. HP: 37/55 MP: 5/5
  2831 | D:4      | Found a radiant altar of Vehumet.
  3099 | D:4      | Reached skill level 8 in Axes
  3160 | D:4      | Found a white marble altar of Elyvilon.
  3429 | D:5      | Entered Level 5 of the Dungeon
  3438 | D:5      | Noticed Prince Ribbit
  3448 | D:5      | Reached XP level 7. HP: 23/61 MP: 6/6
  3645 | D:5      | Found a hazy altar of Hepliaklqana.
  3721 | D:5      | Reached skill level 9 in Axes
  3741 | D:5      | Found an ancient bone altar of Kikubaaqudgha.
  3888 | D:5      | Killed Prince Ribbit
  3909 | D:5      | Found an ornate altar of the Wu Jian Council.
  3943 | D:5      | Reached skill level 10 in Axes
  4293 | D:6      | Reached XP level 8. HP: 59/68 MP: 5/5
  4309 | D:6      | Found a runed translucent door.
  4310 | D:6      | Noticed Crazy Yiuf
  4410 | D:6      | Found a runed translucent door.
  4417 | D:6      | Noticed p0werm0de's ghost (amateur DDFi)
  4460 | D:6      | Reached skill level 11 in Axes
  4698 | D:6      | Found a runed translucent door.
  4818 | D:6      | Reached skill level 12 in Axes
  4839 | D:6      | Killed p0werm0de's ghost
  4913 | D:6      | Killed Crazy Yiuf
  4913 | D:6      | Gained mutation: You passively map the area around you.
                  | [Deep Dwarf growth]
  4913 | D:6      | Reached XP level 9. HP: 67/74 MP: 5/5
  5081 | D:7      | Reached skill level 13 in Axes
  5143 | D:7      | Found a staircase to the Ecumenical Temple.
  5196 | Temple   | Entered the Ecumenical Temple
  5211 | Temple   | Became a worshipper of Makhleb the Destroyer
  6009 | D:7      | Reached * piety under Makhleb
  6014 | D:7      | HP: 2/74 [orc warrior/+0 glaive (13)]
  6015 | D:7      | Mangled by an orc warrior

Levels and vault maps discovered:
D:1:      dpeg_arrival_arbitrary_b, layout_basic, serial_bayou_pond_e
D:2:      layout_loops_cross, first_ration, uniq_jessica
D:3:      layout_basic
D:4:      layout_loops_ring, vehumet_altar_wand_db,
          lemuel_coloured_pillars_altar
D:5:      layout_cave_pools, nicolae_overflow_hidden_temple, marbit_many_paths,
          basic_altar, uniq_prince_ribbit1
D:6:      layout_basic, ebering_ghost_sewer_f, uniq_crazy_yiuf_cottage
D:7:      layout_cave_pods, minmay_temple_entry_tees
D:8:      layout_loops_ring, erik_lair_island, uniq_psyche
Temple:   regret_index_temple_mists

Skill      XL: |  1  2  3  4  5  6  7  8  9 |
---------------+----------------------------+-----
Axes           | 3 4 5 7 8 10 12 13 | 13.9
Fighting       | |  2.6
Armour         | |  3.2
Shields        | |  3.2

Action                   |  1- 3 |  4- 6 |  7- 9 || total
-------------------------+-------+-------+-------++-------
Melee: War axe           |   136 |   200 |   391 ||   727
 Abil: Heal Wounds       |     1 |     7 |    15 ||    23
  Use: Scroll            |       |     6 |       ||     6
       Potion            |       |     2 |     1 ||     3
  Eat: Chunk             |     2 |     6 |     8 ||    16
Armor: Scale mail        |    46 |       |    24 ||    70
       Chain mail        |    35 |    80 |       ||   115
       Plate armour      |       |     8 |   173 ||   181
Dodge: Dodged            |    46 |    33 |   100 ||   179
Block: Kite shield       |    80 |   118 |   209 ||   407

Table legend:
 A = Non-vault XP
 B = Vault XP
 C = Vault XP percentage of total XP
 D = Non-vault monster count
 E = Vault monster count
 F = Vault count percentage of total count
                 A         B        C        D         E       F
            +---------+---------+-------+---------+---------+-------
      Total |    3219 |     918 |  22.2 |     156 |      11 |   6.6
            +---------+---------+-------+---------+---------+-------
        D:1 |      55 |       0 |   0.0 |      24 |       0 |   0.0
        D:2 |      53 |      37 |  41.1 |      19 |       1 |   5.0
        D:3 |      41 |       0 |   0.0 |      16 |       0 |   0.0
        D:4 |     536 |       1 |   0.2 |      20 |       1 |   4.8
        D:5 |     284 |     277 |  49.4 |      17 |       1 |   5.6
        D:6 |    1092 |     561 |  33.9 |      23 |       7 |  23.3
        D:7 |     961 |       0 |   0.0 |      33 |       0 |   0.0
        D:8 |     197 |      42 |  17.6 |       4 |       1 |  20.0
            +---------+---------+-------+---------+---------+-------
